Demolitions vs Influenza
Created - March 11, 2020 at 19:43
Goals
|
| Demolitions |
1 |
1 |
2 |
4 |
| Influenza |
1 |
1 |
4 |
6 |
|
Shots
|
| Demolitions |
6 |
14 |
9 |
29 |
| Influenza |
8 |
9 |
17 |
34 |
|
1st period
1. Influenza , Ryan Dzingel 30 (Zac Dalpe 24, Andre Burakovsky 49) at 15:30
2. Demolitions , Spencer Machacek 37 (Robert Bortuzzo 20, J.T. Brown 30) at 16:42 (SH)
Penalties :
Joshua Leivo (Vic) for Interference (Minor) at 3:53, Nick Pryor (Vic) for Hooking (Minor) at 16:25
2nd period
3. Demolitions , Spencer Machacek 38 (Wiley Sherman 20, Lane MacDermid 22) at 8:07 (PP)
4. Influenza , Calvin de Haan 10 (Iiro Pakarinen 33, Bo Horvat 39) at 10:00 (PP)
Penalties :
Christoph Bertschy (Vic) for Holding (Minor) at 4:04, Luca Sbisa (VJB) for Cross-checking (Minor) at 7:27, Robert Bortuzzo (Vic) for Holding Stick (Minor) at 9:54, Robert Bortuzzo (Vic) for Roughing (Minor) at 11:58
3rd period
5. Influenza , Bo Horvat 20 (Andre Burakovsky 50) at 3:35 (PP)
6. Influenza , Andre Burakovsky 43 (Bo Horvat 40) at 5:25
7. Influenza , Iiro Pakarinen 20 (Andre Burakovsky 51, Paul Ladue 24) at 5:54
8. Demolitions , Phil Di Giuseppe 6 (Robert Bortuzzo 21, Aaron Palushaj 1) at 11:16
9. Influenza , Iiro Pakarinen 21 (Calvin de Haan 38, Andre Burakovsky 52) at 15:30 (PP)
10. Demolitions , Lane MacDermid 28 (Spencer Machacek 57, Daultan Leveillé 49) at 17:54 (PP)
Penalties :
Taylor Beck (Vic) for Holding (Minor) at 0:40, Andrej Nestrasil (Vic) for Slashing (Minor) at 3:31, Nick Pryor (Vic) for Holding (Minor) at 15:18, Luca Sbisa (VJB) for Boarding (Minor) at 16:20
Goalie Stats
Alex Stalock (Vic), 28 saves from 34 shots - (0.824), L, 17-4-1, 60:00 minutes
Malcolm Subban (VJB), 25 saves from 29 shots - (0.862), W, 20-23-2, 60:00 minutes
Players Stats for Demolitions
Player Name G A P +/- PIM S H SB GA TA FO MP PP MP PK MP
------------------------------------------------------------------------------------
Aaron Palushaj 0 1 1 1 0 1 3 0 0 0 0/1 8:18 0:00 0:00
Alex Hutchings 0 0 0 0 0 0 0 0 0 0 0/0 1:51 0:00 1:51
Andrej Nestrasil 0 0 0 0 2 1 2 0 0 0 3/7 12:55 0:38 0:00
Christoph Bertschy 0 0 0 1 2 1 1 0 0 0 0/2 8:24 0:00 0:00
Colton Sceviour 0 0 0 0 0 0 0 0 0 0 0/0 0:00 0:00 0:00
Daultan Leveillé 0 1 1 -2 0 3 1 0 2 0 14/27 20:07 1:36 2:57
Dennis Everberg 0 0 0 -1 0 1 2 0 0 0 0/0 13:54 0:00 2:57
J.T. Brown 0 1 1 1 0 3 1 1 0 1 0/0 18:54 0:38 5:29
Jared Staal 0 0 0 0 0 0 0 0 0 0 0/0 0:20 0:00 0:00
Joshua Leivo 0 0 0 -1 2 3 2 0 0 0 0/0 10:51 0:00 0:00
Lane MacDermid 1 1 2 -2 0 2 0 2 1 1 2/2 18:54 1:36 1:51
Michael Prapavessis 0 0 0 0 0 0 0 0 0 0 0/0 4:00 0:00 1:13
Mitch Callahan 0 0 0 0 0 0 0 0 0 0 0/0 0:00 0:00 0:00
Nick Pryor 0 0 0 -1 4 0 1 0 0 0 0/0 10:23 0:00 0:00
Phil Di Giuseppe 1 0 1 1 0 1 1 0 1 0 0/0 8:18 0:00 0:00
Phil McRae 0 0 0 -1 0 0 4 1 1 0 1/4 10:50 0:00 0:00
Robert Bortuzzo 0 2 2 0 4 2 3 2 0 0 0/0 24:55 1:18 3:49
Ryan Pulock 0 0 0 0 0 0 0 2 2 1 0/0 20:08 0:56 4:19
Spencer Machacek 2 1 3 -1 0 7 4 0 1 2 3/14 22:41 1:36 5:29
Taylor Aronson 0 0 0 0 0 0 3 3 0 1 0/0 20:08 0:56 4:19
Taylor Beck 0 0 0 0 2 2 0 0 0 1 1/1 12:56 0:38 0:00
Tommy Vannelli 0 0 0 -1 0 0 0 1 0 0 0/0 11:49 0:00 1:48
Tyler Graovac 0 0 0 0 0 0 0 0 0 0 0/0 0:00 0:00 0:00
Wiley Sherman 0 1 1 0 0 2 2 1 0 1 0/0 28:59 1:18 5:06
Players Stats for Influenza
Player Name G A P +/- PIM S H SB GA TA FO MP PP MP PK MP
------------------------------------------------------------------------------------
Andre Burakovsky 1 4 5 1 0 4 4 0 1 1 1/2 21:08 5:41 0:00
Bo Horvat 1 2 3 1 0 3 1 0 0 0 23/35 20:55 5:41 0:00
Brandon Montour 0 0 0 -1 0 1 0 0 0 0 0/0 15:56 0:00 0:34
Calvin de Haan 1 1 2 2 0 2 2 0 2 1 0/0 29:53 6:04 1:40
Colton Sissons 0 0 0 0 0 2 2 0 1 1 3/8 14:23 0:11 0:34
Dmitry Sinitsyn 0 0 0 0 0 1 0 0 0 1 0/0 15:23 4:13 0:34
Iiro Pakarinen 2 1 3 1 0 7 3 0 0 0 2/2 21:43 5:41 0:00
Jacob Josefson 0 0 0 -1 0 1 0 1 0 0 2/2 8:27 0:00 0:00
Justin Bailey 0 0 0 0 0 1 0 1 2 0 0/0 17:17 4:25 0:00
Kasperi Kapanen 0 0 0 1 0 1 1 0 0 0 0/0 9:55 0:00 0:00
Luca Sbisa 0 0 0 -1 4 7 3 1 0 0 0/0 23:16 6:04 0:00
Lucas Lessio 0 0 0 0 0 1 1 1 1 0 1/1 13:52 0:14 0:00
Nick Ritchie 0 0 0 -1 0 0 1 1 0 0 0/0 8:27 0:00 0:00
Paul Ladue 0 1 1 2 0 0 4 2 1 2 0/0 25:51 4:13 1:40
Roland McKeown 0 0 0 0 0 0 2 3 0 1 0/0 9:39 0:00 0:00
Ryan Dzingel 1 0 1 1 0 2 4 0 0 1 0/0 16:02 4:25 1:40
Tom Kuhnhackl 0 0 0 -1 0 0 0 0 0 0 0/0 9:14 0:00 0:34
Zac Dalpe 0 1 1 1 0 1 3 1 0 0 2/8 16:23 4:33 1:40
3 Stars
1 - Andre Burakovsky (VJB)
2 - Iiro Pakarinen (VJB)
3 - Bo Horvat (VJB)
Power Play
Demolitions - 2 on 2 Attempt(s) - 100.00%
Influenza - 3 on 8 Attempt(s) - 37.50%
Penalty Kill
Demolitions - 5 on 8 Attempt(s) - 62.50%
- Score 1 goal in Penalty Kill
Influenza - 0 on 2 Attempt(s) - 0.00%
- Score 0 goal in Penalty Kill
Team Stat
Demolitions - Hits : 30 - Faceoff Wins : 24 - Blocked Shots : 13 - Penalty Minutes : 16
Influenza - Hits : 31 - Faceoff Wins : 34 - Blocked Shots : 11 - Penalty Minutes : 4
Official
Referees : Unknown
Linesman : Unknown
Game Notes
No Game Note
Finance
Level 1 -- Attendance: 1457 (72.85%) -- Ticket Income $58,280
Level 2 -- Attendance: 659 (65.90%) -- Ticket Income $13,180
Total Attendance: 2116 (70.53%)
Total Ticket Income: $71,460
Other Income: $3,573
Total Income: $75,033
Demolitions
5 vs 5 Forward
Center Left Wing Right Wing Time % Phy DF OF
1 Daultan Leveillé Lane MacDermid Spencer Machacek 40 1 2 2
2 Andrej Nestrasil Taylor Beck J.T. Brown 30 1 2 2
3 Phil McRae Joshua Leivo Dennis Everberg 20 1 2 2
4 Christoph Bertschy Phil Di Giuseppe Aaron Palushaj 10 1 2 2
5 vs 5 Defense
Defense Defense Time % Phy DF OF
1 Wiley Sherman Robert Bortuzzo 40 1 2 2
2 Ryan Pulock Taylor Aronson 30 1 2 2
3 Nick Pryor Tommy Vannelli 20 1 2 2
4 Michael Prapavessis Wiley Sherman 10 1 2 2
PowerPlay Forward
Center Left Wing Right Wing Time % Phy DF OF
1 Daultan Leveillé Lane MacDermid Spencer Machacek 60 1 2 2
2 Andrej Nestrasil Taylor Beck J.T. Brown 40 1 2 2
PowerPlay Defense
Defense Defense Time % Phy DF OF
1 Wiley Sherman Robert Bortuzzo 60 1 2 2
2 Ryan Pulock Taylor Aronson 40 1 2 2
Penalty Kill 4 Players Forward
Center Wing Time % Phy DF OF
1 Spencer Machacek J.T. Brown 60 1 2 2
2 Daultan Leveillé Dennis Everberg 40 1 2 2
Penalty Kill 4 Players Defense
Defense Defense Time % Phy DF OF
1 Wiley Sherman Robert Bortuzzo 60 1 2 2
2 Ryan Pulock Taylor Aronson 40 1 2 2
Penalty Kill - 3 Players Forward
Forward Time % Phy DF OF
1 Spencer Machacek 60 1 2 2
2 J.T. Brown 40 1 2 2
Penalty Kill - 3 Players Defense
Defense Defense Time % Phy DF OF
1 Wiley Sherman Robert Bortuzzo 60 1 2 2
2 Ryan Pulock Taylor Aronson 40 1 2 2
4 vs 4 Forward
Center Wing Time % Phy DF OF
1 Spencer Machacek J.T. Brown 60 1 2 2
2 Daultan Leveillé Dennis Everberg 40 1 2 2
4 vs 4 Defense
Defense Defense Time % Phy DF OF
1 Wiley Sherman Robert Bortuzzo 60 1 2 2
2 Ryan Pulock Taylor Aronson 40 1 2 2
Last Minutes Offensive
Center Left Wing Right Wing Defense Defense
Daultan Leveillé Lane MacDermid Spencer Machacek Wiley Sherman Robert Bortuzzo
Last Minutes Defensive
Center Left Wing Right Wing Defense Defense
Daultan Leveillé Lane MacDermid Spencer Machacek Wiley Sherman Robert Bortuzzo
Goaltenders
Starting : Alex Stalock
Backup : Antti Raanta
Extra Forwards
Normal : Jared Staal, Mitch Callahan, Alex Hutchings - PP : Jared Staal, Mitch Callahan - PK : Alex Hutchings
Extra Defensemen
Normal : Nick Pryor, Tommy Vannelli, Michael Prapavessis - PP : Nick Pryor - PK : Tommy Vannelli, Michael Prapavessis
Penalty Shots
Spencer Machacek, J.T. Brown, Daultan Leveillé, Dennis Everberg, Lane MacDermid
Scratches
Thomas DiPauli (Healthy), Taylor Leier (Healthy), Jake Muzzin (Healthy), Nikita Tryamkin (Right Hip Injury), Jaedon Descheneau (Healthy)
Jake Paterson (Healthy), Francois Tremblay (Healthy), Brandon Halverson (Healthy)
Influenza
5 vs 5 Forward
Center Left Wing Right Wing Time % Phy DF OF
1 Bo Horvat Andre Burakovsky Iiro Pakarinen 40 1 2 2
2 Colton Sissons Lucas Lessio Justin Bailey 30 1 2 2
3 Zac Dalpe Ryan Dzingel Kasperi Kapanen 20 1 2 2
4 Jacob Josefson Nick Ritchie Tom Kuhnhackl 10 1 2 2
5 vs 5 Defense
Defense Defense Time % Phy DF OF
1 Calvin de Haan Paul Ladue 40 1 2 2
2 Luca Sbisa Brandon Montour 30 1 2 2
3 Dmitry Sinitsyn Roland McKeown 20 1 2 2
4 Calvin de Haan Luca Sbisa 10 1 2 2
PowerPlay Forward
Center Left Wing Right Wing Time % Phy DF OF
1 Bo Horvat Andre Burakovsky Iiro Pakarinen 60 1 2 2
2 Zac Dalpe Ryan Dzingel Justin Bailey 40 1 2 2
PowerPlay Defense
Defense Defense Time % Phy DF OF
1 Calvin de Haan Luca Sbisa 60 1 2 2
2 Paul Ladue Dmitry Sinitsyn 40 1 2 2
Penalty Kill 4 Players Forward
Center Wing Time % Phy DF OF
1 Zac Dalpe Ryan Dzingel 60 1 2 2
2 Colton Sissons Tom Kuhnhackl 40 1 2 2
Penalty Kill 4 Players Defense
Defense Defense Time % Phy DF OF
1 Calvin de Haan Paul Ladue 60 1 2 2
2 Luca Sbisa Dmitry Sinitsyn 40 1 2 2
Penalty Kill - 3 Players Forward
Forward Time % Phy DF OF
1 Zac Dalpe 60 1 2 2
2 Colton Sissons 40 1 2 2
Penalty Kill - 3 Players Defense
Defense Defense Time % Phy DF OF
1 Calvin de Haan Paul Ladue 60 1 2 2
2 Luca Sbisa Dmitry Sinitsyn 40 1 2 2
4 vs 4 Forward
Center Wing Time % Phy DF OF
1 Bo Horvat Andre Burakovsky 60 1 2 2
2 Zac Dalpe Iiro Pakarinen 40 1 2 2
4 vs 4 Defense
Defense Defense Time % Phy DF OF
1 Calvin de Haan Paul Ladue 60 1 2 2
2 Luca Sbisa Dmitry Sinitsyn 40 1 2 2
Last Minutes Offensive
Center Left Wing Right Wing Defense Defense
Bo Horvat Andre Burakovsky Iiro Pakarinen Calvin de Haan Paul Ladue
Last Minutes Defensive
Center Left Wing Right Wing Defense Defense
Zac Dalpe Andre Burakovsky Iiro Pakarinen Calvin de Haan Paul Ladue
Goaltenders
Starting : Malcolm Subban
Backup : Tyson Sexsmith
Extra Forwards
Normal : Lucas Lessio, Iiro Pakarinen, Andre Burakovsky - PP : Lucas Lessio, Colton Sissons - PK : Andre Burakovsky
Extra Defensemen
Normal : Luca Sbisa, Dmitry Sinitsyn, Calvin de Haan - PP : Brandon Montour - PK : Paul Ladue, Brandon Montour
Penalty Shots
Andre Burakovsky, Bo Horvat, Zac Dalpe, Justin Bailey, Calvin de Haan
Scratches
Jordan Schroeder (Healthy), Shane Prince (Healthy), Jeff Corbett (Healthy), Henri Ikonen (Healthy), Johan Larsson (Healthy)
Tim Erixon (Healthy), Mitchell Moroz (Healthy), Josh Andrerson (Healthy), Jesse Graham (Healthy), Jake Walman (Healthy)
Conner Bleackley (Healthy), Brycen Martin (Healthy), Jaden Lindo (Healthy), Jamie Phillips (Healthy)
% Time on Ice - Demolitions
Lines # - Real PCT - Wanted PCT - Time Play
Normal Forward
1 - 34% - 40% - 15:56
2 - 26% - 30% - 12:25
3 - 23% - 20% - 10:50
4 - 17% - 10% - 8:18
Normal Defense
1 - 42% - 40% - 19:50
2 - 31% - 30% - 14:53
3 - 21% - 20% - 10:00
4 - 6% - 10% - 2:46
PP Forward
1 - 72% - 60% - 1:36
2 - 28% - 40% - 0:38
PP Defense
1 - 58% - 60% - 1:18
2 - 42% - 40% - 0:56
PK Forward
1 - 71% - 60% - 7:20
2 - 29% - 40% - 2:57
PK Defense
1 - 58% - 60% - 5:58
2 - 42% - 40% - 4:19
PK3 Forward
1 - 0% - 60%
2 - 0% - 40%
PK3 Defense
1 - 0% - 60%
2 - 0% - 40%
44 Forward
1 - 0% - 60%
2 - 0% - 40%
44 Defense
1 - 0% - 60%
2 - 0% - 40%
Last Minute Offensive - 0:00
Last Minute Defensive - 0:00
Total
Forward - 60:00
Defense - 60:00
|
% Time on Ice - Influenza
Lines # - Real PCT - Wanted PCT - Time Play
Normal Forward
1 - 32% - 40% - 15:14
2 - 29% - 30% - 13:53
3 - 21% - 20% - 9:55
4 - 18% - 10% - 8:27
Normal Defense
1 - 41% - 40% - 19:42
2 - 34% - 30% - 16:03
3 - 20% - 20% - 9:39
4 - 4% - 10% - 2:05
PP Forward
1 - 56% - 60% - 5:44
2 - 44% - 40% - 4:33
PP Defense
1 - 59% - 60% - 6:04
2 - 41% - 40% - 4:13
PK Forward
1 - 75% - 60% - 1:40
2 - 25% - 40% - 0:34
PK Defense
1 - 75% - 60% - 1:40
2 - 25% - 40% - 0:34
PK3 Forward
1 - 0% - 60%
2 - 0% - 40%
PK3 Defense
1 - 0% - 60%
2 - 0% - 40%
44 Forward
1 - 0% - 60%
2 - 0% - 40%
44 Defense
1 - 0% - 60%
2 - 0% - 40%
Last Minute Offensive - 0:00
Last Minute Defensive - 0:00
Total
Forward - 60:00
Defense - 60:00
|
Play-by-Play
1st period
0:01 of 1st period - Bo Horvat wins face-off versus Daultan Leveillé in neutral zone.
0:26 of 1st period - Colton Sissons is hit by Andrej Nestrasil and loses puck.
1:19 of 1st period - Wrist shot by Jacob Josefson.
1:19 of 1st period - Shot Blocked by Ryan Pulock.
1:21 of 1st period - Wrist shot by Tom Kuhnhackl.
1:21 of 1st period - Shot Blocked by Taylor Aronson.
1:33 of 1st period - Spencer Machacek is hit by Roland McKeown and loses puck.
2:20 of 1st period - Taylor Aronson is hit by Luca Sbisa.
2:46 of 1st period - Dmitry Sinitsyn is hit by Aaron Palushaj and loses puck.
3:03 of 1st period - Snap shot by Tom Kuhnhackl.
3:03 of 1st period - Shot Misses the Net.
3:21 of 1st period - Snap shot by Taylor Beck.
3:21 of 1st period - Shot Misses the Net.
3:53 of 1st period - Minor Penalty to Joshua Leivo for Interference.
3:54 of 1st period - Bo Horvat wins face-off versus Spencer Machacek in Demolitions zone.
3:59 of 1st period - Wrist shot by Bo Horvat.
3:59 of 1st period - Shot Blocked by Taylor Aronson.
4:01 of 1st period - Snap shot by Iiro Pakarinen.
4:01 of 1st period - Stopped by Alex Stalock with a rebound.
4:03 of 1st period - Slapshot by Luca Sbisa.
4:03 of 1st period - Stopped by Alex Stalock with a rebound.
4:05 of 1st period - Slapshot by Luca Sbisa.
4:05 of 1st period - Stopped by Alex Stalock with a rebound.
4:07 of 1st period - Slapshot by Calvin de Haan.
4:07 of 1st period - Shot Blocked by J.T. Brown.
4:19 of 1st period - Ryan Dzingel is hit by Taylor Aronson and loses puck.
5:53 of 1st period - Penalty to Joshua Leivo is over, Joshua Leivo is back on ice.
6:25 of 1st period - Brandon Montour is hit by Wiley Sherman and loses puck.
7:04 of 1st period - Roland McKeown is hit by Phil McRae and loses puck.
7:17 of 1st period - Christoph Bertschy is hit by Paul Ladue and loses puck.
7:29 of 1st period - Off-side.
7:30 of 1st period - Colton Sissons wins face-off versus Daultan Leveillé in neutral zone.
7:41 of 1st period - Wrist shot by Lucas Lessio.
7:41 of 1st period - Deflect By Justin Bailey.
7:41 of 1st period - Shot Misses the Net.
7:41 of 1st period - Puck is out of play.
7:42 of 1st period - Andrej Nestrasil wins face-off versus Bo Horvat in Demolitions zone.
7:42 of 1st period - Andrej Nestrasil is hit by Iiro Pakarinen.
8:30 of 1st period - Dennis Everberg is hit by Ryan Dzingel and loses puck.
8:49 of 1st period - Bo Horvat is hit by Nick Pryor and loses puck.
9:38 of 1st period - Wrist shot by Justin Bailey.
9:38 of 1st period - Shot Misses the Net.
10:14 of 1st period - Slapshot by Taylor Beck.
10:14 of 1st period - Shot Blocked by Roland McKeown.
10:30 of 1st period - Paul Ladue is hit by Spencer Machacek and loses puck.
11:13 of 1st period - Dmitry Sinitsyn is hit by Aaron Palushaj and loses puck.
11:18 of 1st period - Snap shot by Aaron Palushaj.
11:18 of 1st period - Stopped by Malcolm Subban without a rebound.
11:19 of 1st period - Bo Horvat wins face-off versus Christoph Bertschy in Influenza zone.
11:26 of 1st period - Slapshot by Bo Horvat.
11:26 of 1st period - Stopped by Alex Stalock with a rebound.
11:28 of 1st period - Wrist shot by Iiro Pakarinen.
11:28 of 1st period - Shot Misses the Net.
11:44 of 1st period - Daultan Leveillé is hit by Colton Sissons and loses puck.
12:27 of 1st period - Andre Burakovsky is hit by Robert Bortuzzo and loses puck.
13:14 of 1st period - Snap shot by Calvin de Haan.
13:14 of 1st period - Stopped by Alex Stalock without a rebound.
13:15 of 1st period - Colton Sissons wins face-off versus Spencer Machacek in Demolitions zone.
13:36 of 1st period - Wrist shot by Colton Sissons.
13:36 of 1st period - Shot Misses the Net.
13:38 of 1st period - Slapshot by Brandon Montour.
13:38 of 1st period - Deflect By Lucas Lessio.
13:38 of 1st period - Shot Misses the Net.
13:38 of 1st period - Puck is out of play.
13:39 of 1st period - Andrej Nestrasil wins face-off versus Zac Dalpe in Demolitions zone.
13:50 of 1st period - Wrist shot by Ryan Dzingel.
13:50 of 1st period - Shot Misses the Net.
14:11 of 1st period - Snap shot by Lane MacDermid.
14:11 of 1st period - Stopped by Malcolm Subban without a rebound.
14:12 of 1st period - Iiro Pakarinen wins face-off versus Daultan Leveillé in Influenza zone.
14:12 of 1st period - Iiro Pakarinen is hit by Spencer Machacek.
14:34 of 1st period - Icing by Andre Burakovsky.
14:35 of 1st period - Bo Horvat wins face-off versus Andrej Nestrasil in Influenza zone.
14:42 of 1st period - Wrist shot by J.T. Brown.
14:42 of 1st period - Stopped by Malcolm Subban with a rebound.
14:44 of 1st period - Slapshot by Wiley Sherman.
14:44 of 1st period - Deflect By J.T. Brown.
14:44 of 1st period - Shot Misses the Net.
14:44 of 1st period - Puck is out of play.
14:45 of 1st period - Lucas Lessio wins face-off versus Spencer Machacek in Influenza zone.
15:30 of 1st period - Backhand shot by Ryan Dzingel.
15:30 of 1st period - Goal by Ryan Dzingel - Demolitions : 0 - Influenza : 1.
15:31 of 1st period - Lane MacDermid wins face-off versus Bo Horvat in neutral zone.
15:44 of 1st period - Slapshot by Bo Horvat.
15:44 of 1st period - Stopped by Alex Stalock with a rebound.
15:46 of 1st period - Slapshot by Dmitry Sinitsyn.
15:46 of 1st period - Stopped by Alex Stalock with a rebound.
15:58 of 1st period - Colton Sissons is hit by Robert Bortuzzo and loses puck.
16:18 of 1st period - Snap shot by Phil Di Giuseppe.
16:18 of 1st period - Shot Blocked by Justin Bailey.
16:20 of 1st period - Backhand shot by Christoph Bertschy.
16:20 of 1st period - Stopped by Malcolm Subban without a rebound.
16:21 of 1st period - Bo Horvat wins face-off versus Christoph Bertschy in Influenza zone.
16:25 of 1st period - Minor Penalty to Nick Pryor for Hooking.
16:26 of 1st period - Spencer Machacek wins face-off versus Bo Horvat in Demolitions zone.
16:34 of 1st period - Wiley Sherman is hit by Luca Sbisa.
16:40 of 1st period - Snap shot by Spencer Machacek.
16:40 of 1st period - Shot Blocked by Luca Sbisa.
16:42 of 1st period - Slapshot by Robert Bortuzzo.
16:42 of 1st period - Deflect By Spencer Machacek.
16:42 of 1st period - Goal by Spencer Machacek - Demolitions : 1 - Influenza : 1.
16:43 of 1st period - Bo Horvat wins face-off versus Spencer Machacek in neutral zone.
16:48 of 1st period - Spencer Machacek is hit by Andre Burakovsky and loses puck.
17:44 of 1st period - Taylor Aronson is hit by Paul Ladue and loses puck.
18:25 of 1st period - Penalty to Nick Pryor is over, Nick Pryor is back on ice.
18:35 of 1st period - Snap shot by Spencer Machacek.
18:35 of 1st period - Stopped by Malcolm Subban with a rebound.
18:59 of 1st period - Wrist shot by Phil McRae.
18:59 of 1st period - Shot Misses the Net.
19:01 of 1st period - Wrist shot by Phil McRae.
19:01 of 1st period - Shot Hit the Post.
19:03 of 1st period - Snap shot by Joshua Leivo.
19:03 of 1st period - Shot Misses the Net.
19:29 of 1st period - Kasperi Kapanen is hit by Daultan Leveillé and loses puck.
Goals for this period are 1 for Demolitions vs 1 for Influenza.
Shots for this period are 6 for Demolitions vs 8 for Influenza.
2nd period
0:01 of 2nd period - Bo Horvat wins face-off versus Daultan Leveillé in neutral zone.
0:16 of 2nd period - Wrist shot by Daultan Leveillé.
0:16 of 2nd period - Deflect By Spencer Machacek.
0:16 of 2nd period - Stopped by Malcolm Subban without a rebound.
0:17 of 2nd period - Taylor Beck wins face-off versus Colton Sissons in Influenza zone.
0:22 of 2nd period - Snap shot by J.T. Brown.
0:22 of 2nd period - Shot Blocked by Paul Ladue.
0:24 of 2nd period - Wrist shot by J.T. Brown.
0:24 of 2nd period - Stopped by Malcolm Subban with a rebound.
0:26 of 2nd period - Slapshot by Robert Bortuzzo.
0:26 of 2nd period - Deflect By Paul Ladue.
0:26 of 2nd period - Stopped by Malcolm Subban with a rebound.
0:28 of 2nd period - Snap shot by Taylor Beck.
0:28 of 2nd period - Stopped by Malcolm Subban with a rebound.
0:30 of 2nd period - Snap shot by Robert Bortuzzo.
0:30 of 2nd period - Deflect By Taylor Beck.
0:30 of 2nd period - Shot Blocked by Lucas Lessio.
0:30 of 2nd period - Puck is out of play.
0:31 of 2nd period - Bo Horvat wins face-off versus Daultan Leveillé in Influenza zone.
0:56 of 2nd period - Wiley Sherman is hit by Zac Dalpe and loses puck.
1:09 of 2nd period - Wrist shot by Zac Dalpe.
1:09 of 2nd period - Stopped by Alex Stalock without a rebound.
1:10 of 2nd period - Daultan Leveillé wins face-off versus Colton Sissons in Demolitions zone.
1:40 of 2nd period - Wrist shot by Iiro Pakarinen.
1:40 of 2nd period - Stopped by Alex Stalock with a rebound.
2:00 of 2nd period - Wiley Sherman is hit by Kasperi Kapanen.
2:26 of 2nd period - Snap shot by Phil McRae.
2:26 of 2nd period - Shot Misses the Net.
2:28 of 2nd period - Wrist shot by Joshua Leivo.
2:28 of 2nd period - Stopped by Malcolm Subban with a rebound.
2:38 of 2nd period - Robert Bortuzzo is hit by Paul Ladue and loses puck.
3:38 of 2nd period - Paul Ladue is hit by Joshua Leivo and loses puck.
3:45 of 2nd period - Snap shot by Joshua Leivo.
3:45 of 2nd period - Shot Misses the Net.
3:47 of 2nd period - Snap shot by Joshua Leivo.
3:47 of 2nd period - Shot Misses the Net.
3:49 of 2nd period - Slapshot by Joshua Leivo.
3:49 of 2nd period - Shot Blocked by Paul Ladue.
3:51 of 2nd period - Slapshot by Dennis Everberg.
3:51 of 2nd period - Stopped by Malcolm Subban with a rebound.
4:04 of 2nd period - Minor Penalty to Christoph Bertschy for Holding.
4:05 of 2nd period - Spencer Machacek wins face-off versus Bo Horvat in Demolitions zone.
4:46 of 2nd period - Ryan Dzingel is hit by Wiley Sherman and loses puck.
5:52 of 2nd period - Wiley Sherman is hit by Andre Burakovsky and loses puck.
6:03 of 2nd period - Colton Sissons is hit by Dennis Everberg and loses puck.
6:04 of 2nd period - Penalty to Christoph Bertschy is over, Christoph Bertschy is back on ice.
6:16 of 2nd period - Wrist shot by Christoph Bertschy.
6:16 of 2nd period - Shot Blocked by Jacob Josefson.
6:49 of 2nd period - Dmitry Sinitsyn is hit by Phil McRae and loses puck.
7:04 of 2nd period - Snap shot by J.T. Brown.
7:04 of 2nd period - Deflect By Taylor Beck.
7:04 of 2nd period - Shot Blocked by Roland McKeown.
7:04 of 2nd period - Puck is out of play.
7:05 of 2nd period - Bo Horvat wins face-off versus Daultan Leveillé in Influenza zone.
7:10 of 2nd period - Slapshot by Luca Sbisa.
7:10 of 2nd period - Stopped by Alex Stalock with a rebound.
7:16 of 2nd period - Brandon Montour is hit by Taylor Aronson.
7:27 of 2nd period - Minor Penalty to Luca Sbisa for Cross-checking.
7:28 of 2nd period - Daultan Leveillé wins face-off versus Zac Dalpe in Influenza zone.
7:37 of 2nd period - Slapshot by Calvin de Haan.
7:37 of 2nd period - Shot Misses the Net.
7:39 of 2nd period - Slapshot by Paul Ladue.
7:39 of 2nd period - Shot Misses the Net.
7:41 of 2nd period - Wrist shot by Ryan Dzingel.
7:41 of 2nd period - Stopped by Alex Stalock without a rebound.
7:42 of 2nd period - Daultan Leveillé wins face-off versus Zac Dalpe in Demolitions zone.
7:42 of 2nd period - Daultan Leveillé is hit by Zac Dalpe.
7:51 of 2nd period - Icing by Wiley Sherman.
7:52 of 2nd period - Lane MacDermid wins face-off versus Zac Dalpe in Demolitions zone.
8:03 of 2nd period - Slapshot by Wiley Sherman.
8:03 of 2nd period - Deflect By Ryan Dzingel.
8:03 of 2nd period - Stopped by Malcolm Subban with a rebound.
8:05 of 2nd period - Snap shot by Spencer Machacek.
8:05 of 2nd period - Shot Misses the Net.
8:07 of 2nd period - Snap shot by Spencer Machacek.
8:07 of 2nd period - Goal by Spencer Machacek - Demolitions : 2 - Influenza : 1.
8:08 of 2nd period - Daultan Leveillé wins face-off versus Bo Horvat in neutral zone.
8:37 of 2nd period - Snap shot by Andrej Nestrasil.
8:37 of 2nd period - Stopped by Malcolm Subban with a rebound.
8:39 of 2nd period - Snap shot by Taylor Beck.
8:39 of 2nd period - Shot Misses the Net.
8:41 of 2nd period - Wrist shot by Andrej Nestrasil.
8:41 of 2nd period - Shot Misses the Net.
8:43 of 2nd period - Slapshot by J.T. Brown.
8:43 of 2nd period - Stopped by Malcolm Subban with a rebound.
9:37 of 2nd period - Robert Bortuzzo is hit by Iiro Pakarinen and loses puck.
9:48 of 2nd period - Wrist shot by Andre Burakovsky.
9:48 of 2nd period - Stopped by Alex Stalock with a rebound.
9:54 of 2nd period - Minor Penalty to Robert Bortuzzo for Holding Stick.
9:55 of 2nd period - Bo Horvat wins face-off versus Spencer Machacek in Demolitions zone.
10:00 of 2nd period - Slapshot by Calvin de Haan.
10:00 of 2nd period - Goal by Calvin de Haan - Demolitions : 2 - Influenza : 2.
10:01 of 2nd period - Daultan Leveillé wins face-off versus Bo Horvat in neutral zone.
10:04 of 2nd period - Slapshot by Robert Bortuzzo.
10:04 of 2nd period - Stopped by Malcolm Subban with a rebound.
10:06 of 2nd period - Wrist shot by Daultan Leveillé.
10:06 of 2nd period - Stopped by Malcolm Subban without a rebound.
10:07 of 2nd period - Bo Horvat wins face-off versus Daultan Leveillé in Influenza zone.
10:12 of 2nd period - Lane MacDermid is hit by Bo Horvat and loses puck.
10:21 of 2nd period - Paul Ladue is hit by Spencer Machacek and loses puck.
10:38 of 2nd period - Snap shot by Lucas Lessio.
10:38 of 2nd period - Shot Blocked by Robert Bortuzzo.
10:53 of 2nd period - Off-side.
10:54 of 2nd period - Phil McRae wins face-off versus Zac Dalpe in neutral zone.
11:50 of 2nd period - Slapshot by Luca Sbisa.
11:50 of 2nd period - Shot Misses the Net.
11:52 of 2nd period - Slapshot by Brandon Montour.
11:52 of 2nd period - Shot Misses the Net.
11:58 of 2nd period - Minor Penalty to Robert Bortuzzo for Roughing.
11:59 of 2nd period - Bo Horvat wins face-off versus Spencer Machacek in Demolitions zone.
12:30 of 2nd period - Wrist shot by Justin Bailey.
12:30 of 2nd period - Stopped by Alex Stalock with a rebound.
12:32 of 2nd period - Wrist shot by Ryan Dzingel.
12:32 of 2nd period - Shot Misses the Net.
12:34 of 2nd period - Slapshot by Dmitry Sinitsyn.
12:34 of 2nd period - Shot Misses the Net.
13:10 of 2nd period - Wiley Sherman is hit by Calvin de Haan and loses puck.
13:58 of 2nd period - Penalty to Robert Bortuzzo is over, Robert Bortuzzo is back on ice.
14:09 of 2nd period - Slapshot by Aaron Palushaj.
14:09 of 2nd period - Shot Misses the Net.
14:28 of 2nd period - Justin Bailey is hit by Joshua Leivo and loses puck.
15:08 of 2nd period - Andrej Nestrasil is hit by Zac Dalpe and loses puck.
15:19 of 2nd period - Taylor Aronson is hit by Nick Ritchie and loses puck.
15:36 of 2nd period - Dmitry Sinitsyn is hit by Phil McRae and loses puck.
16:18 of 2nd period - Iiro Pakarinen is hit by Phil Di Giuseppe and loses puck.
16:31 of 2nd period - Backhand shot by Colton Sissons.
16:31 of 2nd period - Shot Misses the Net.
16:39 of 2nd period - Wrist shot by Joshua Leivo.
16:39 of 2nd period - Stopped by Malcolm Subban without a rebound.
16:40 of 2nd period - Zac Dalpe wins face-off versus Daultan Leveillé in Influenza zone.
16:45 of 2nd period - Daultan Leveillé is hit by Ryan Dzingel and loses puck.
17:04 of 2nd period - Taylor Beck is hit by Calvin de Haan and loses puck.
17:27 of 2nd period - Wrist shot by Andre Burakovsky.
17:27 of 2nd period - Shot Blocked by Phil McRae.
17:29 of 2nd period - Slapshot by Calvin de Haan.
17:29 of 2nd period - Shot Blocked by Ryan Pulock.
17:31 of 2nd period - Slapshot by Luca Sbisa.
17:31 of 2nd period - Stopped by Alex Stalock with a rebound.
17:33 of 2nd period - Slapshot by Luca Sbisa.
17:33 of 2nd period - Stopped by Alex Stalock with a rebound.
17:47 of 2nd period - Wrist shot by Phil Di Giuseppe.
17:47 of 2nd period - Shot Blocked by Roland McKeown.
18:12 of 2nd period - Snap shot by Lane MacDermid.
18:12 of 2nd period - Shot Misses the Net.
18:14 of 2nd period - Slapshot by Nick Pryor.
18:14 of 2nd period - Shot Misses the Net.
18:16 of 2nd period - Snap shot by Daultan Leveillé.
18:16 of 2nd period - Shot Blocked by Zac Dalpe.
18:18 of 2nd period - Snap shot by Spencer Machacek.
18:18 of 2nd period - Stopped by Malcolm Subban without a rebound.
18:19 of 2nd period - Iiro Pakarinen wins face-off versus Andrej Nestrasil in Influenza zone.
18:24 of 2nd period - Snap shot by Bo Horvat.
18:24 of 2nd period - Shot Misses the Net.
18:34 of 2nd period - Wrist shot by Taylor Beck.
18:34 of 2nd period - Shot Misses the Net.
18:44 of 2nd period - Daultan Leveillé is hit by Lucas Lessio and loses puck.
Goals for this period are 1 for Demolitions vs 1 for Influenza.
Shots for this period are 14 for Demolitions vs 9 for Influenza.
3rd period
0:01 of 3rd period - Daultan Leveillé wins face-off versus Andre Burakovsky in neutral zone.
0:14 of 3rd period - Wrist shot by Spencer Machacek.
0:14 of 3rd period - Stopped by Malcolm Subban with a rebound.
0:16 of 3rd period - Snap shot by Lane MacDermid.
0:16 of 3rd period - Shot Misses the Net.
0:26 of 3rd period - Andrej Nestrasil is hit by Colton Sissons and loses puck.
0:31 of 3rd period - Snap shot by Colton Sissons.
0:31 of 3rd period - Shot Misses the Net.
0:40 of 3rd period - Minor Penalty to Taylor Beck for Holding.
0:41 of 3rd period - Spencer Machacek wins face-off versus Bo Horvat in Demolitions zone.
0:51 of 3rd period - Off-side.
0:52 of 3rd period - Bo Horvat wins face-off versus Spencer Machacek in neutral zone.
2:40 of 3rd period - Penalty to Taylor Beck is over, Taylor Beck is back on ice.
2:48 of 3rd period - Tom Kuhnhackl is hit by Aaron Palushaj and loses puck.
3:12 of 3rd period - Wrist shot by Joshua Leivo.
3:12 of 3rd period - Stopped by Malcolm Subban with a rebound.
3:31 of 3rd period - Minor Penalty to Andrej Nestrasil for Slashing.
3:32 of 3rd period - Bo Horvat wins face-off versus Spencer Machacek in Demolitions zone.
3:35 of 3rd period - Wrist shot by Bo Horvat.
3:35 of 3rd period - Goal by Bo Horvat - Demolitions : 2 - Influenza : 3.
3:36 of 3rd period - Daultan Leveillé wins face-off versus Bo Horvat in neutral zone.
3:41 of 3rd period - Slapshot by Lane MacDermid.
3:41 of 3rd period - Shot Misses the Net.
4:25 of 3rd period - Wrist shot by Tom Kuhnhackl.
4:25 of 3rd period - Shot Misses the Net.
4:27 of 3rd period - Wrist shot by Luca Sbisa.
4:27 of 3rd period - Shot Misses the Net.
4:29 of 3rd period - Slapshot by Luca Sbisa.
4:29 of 3rd period - Stopped by Alex Stalock without a rebound.
4:30 of 3rd period - Jacob Josefson wins face-off versus Phil McRae in Demolitions zone.
4:39 of 3rd period - Snap shot by Jacob Josefson.
4:39 of 3rd period - Shot Misses the Net.
4:41 of 3rd period - Slapshot by Luca Sbisa.
4:41 of 3rd period - Shot Misses the Net.
4:43 of 3rd period - Backhand shot by Luca Sbisa.
4:43 of 3rd period - Deflect By Robert Bortuzzo.
4:43 of 3rd period - Stopped by Alex Stalock with a rebound.
4:45 of 3rd period - Snap shot by Luca Sbisa.
4:45 of 3rd period - Shot Blocked by Wiley Sherman.
4:47 of 3rd period - Slapshot by Luca Sbisa.
4:47 of 3rd period - Shot Misses the Net.
4:49 of 3rd period - Snap shot by Jacob Josefson.
4:49 of 3rd period - Stopped by Alex Stalock with a rebound.
4:51 of 3rd period - Wrist shot by Brandon Montour.
4:51 of 3rd period - Deflect By Phil McRae.
4:51 of 3rd period - Stopped by Alex Stalock without a rebound.
4:52 of 3rd period - Andre Burakovsky wins face-off versus Spencer Machacek in Demolitions zone.
4:53 of 3rd period - Snap shot by Iiro Pakarinen.
4:53 of 3rd period - Stopped by Alex Stalock with a rebound.
5:00 of 3rd period - Taylor Aronson is hit by Roland McKeown and loses puck.
5:03 of 3rd period - Slapshot by Taylor Aronson.
5:03 of 3rd period - Shot Hit the Post.
5:05 of 3rd period - Slapshot by Daultan Leveillé.
5:05 of 3rd period - Stopped by Malcolm Subban without a rebound.
5:06 of 3rd period - Bo Horvat wins face-off versus Daultan Leveillé in Influenza zone.
5:17 of 3rd period - Wrist shot by Andre Burakovsky.
5:17 of 3rd period - Deflect By Iiro Pakarinen.
5:17 of 3rd period - Stopped by Alex Stalock without a rebound.
5:18 of 3rd period - Bo Horvat wins face-off versus Spencer Machacek in Demolitions zone.
5:25 of 3rd period - Snap shot by Andre Burakovsky.
5:25 of 3rd period - Goal by Andre Burakovsky - Demolitions : 2 - Influenza : 4.
5:26 of 3rd period - Bo Horvat wins face-off versus Daultan Leveillé in neutral zone.
5:36 of 3rd period - Snap shot by Daultan Leveillé.
5:36 of 3rd period - Stopped by Malcolm Subban without a rebound.
5:37 of 3rd period - Daultan Leveillé wins face-off versus Bo Horvat in Influenza zone.
5:38 of 3rd period - Snap shot by Spencer Machacek.
5:38 of 3rd period - Stopped by Malcolm Subban without a rebound.
5:39 of 3rd period - Bo Horvat wins face-off versus Daultan Leveillé in Influenza zone.
5:46 of 3rd period - Backhand shot by Andre Burakovsky.
5:46 of 3rd period - Stopped by Alex Stalock with a rebound.
5:48 of 3rd period - Slapshot by Paul Ladue.
5:48 of 3rd period - Shot Blocked by Lane MacDermid.
5:50 of 3rd period - Wrist shot by Andre Burakovsky.
5:50 of 3rd period - Shot Blocked by Robert Bortuzzo.
5:52 of 3rd period - Slapshot by Iiro Pakarinen.
5:52 of 3rd period - Stopped by Alex Stalock with a rebound.
5:54 of 3rd period - Slapshot by Iiro Pakarinen.
5:54 of 3rd period - Goal by Iiro Pakarinen - Demolitions : 2 - Influenza : 5.
5:55 of 3rd period - Bo Horvat wins face-off versus Daultan Leveillé in neutral zone.
6:02 of 3rd period - Wiley Sherman is hit by Andre Burakovsky and loses puck.
6:21 of 3rd period - Justin Bailey is hit by J.T. Brown and loses puck.
6:30 of 3rd period - Snap shot by Andrej Nestrasil.
6:30 of 3rd period - Shot Misses the Net.
6:46 of 3rd period - Dennis Everberg is hit by Luca Sbisa and loses puck.
7:45 of 3rd period - Andrej Nestrasil is hit by Paul Ladue and loses puck.
8:55 of 3rd period - Spencer Machacek is hit by Iiro Pakarinen and loses puck.
10:49 of 3rd period - Lane MacDermid is hit by Ryan Dzingel and loses puck.
11:10 of 3rd period - Snap shot by Aaron Palushaj.
11:10 of 3rd period - Shot Misses the Net.
11:12 of 3rd period - Slapshot by Robert Bortuzzo.
11:12 of 3rd period - Shot Misses the Net.
11:14 of 3rd period - Slapshot by Robert Bortuzzo.
11:14 of 3rd period - Shot Misses the Net.
11:16 of 3rd period - Snap shot by Phil Di Giuseppe.
11:16 of 3rd period - Goal by Phil Di Giuseppe - Demolitions : 3 - Influenza : 5.
11:17 of 3rd period - Daultan Leveillé wins face-off versus Bo Horvat in neutral zone.
11:20 of 3rd period - Bo Horvat is hit by Spencer Machacek.
11:24 of 3rd period - Daultan Leveillé is hit by Andre Burakovsky and loses puck.
11:33 of 3rd period - Slapshot by Andre Burakovsky.
11:33 of 3rd period - Shot Blocked by Lane MacDermid.
11:54 of 3rd period - Slapshot by Taylor Beck.
11:54 of 3rd period - Shot Misses the Net.
11:56 of 3rd period - Snap shot by Taylor Beck.
11:56 of 3rd period - Stopped by Malcolm Subban without a rebound.
11:57 of 3rd period - Bo Horvat wins face-off versus Phil McRae in Influenza zone.
12:02 of 3rd period - Snap shot by Bo Horvat.
12:02 of 3rd period - Shot Misses the Net.
12:12 of 3rd period - Snap shot by Andre Burakovsky.
12:12 of 3rd period - Stopped by Alex Stalock without a rebound.
12:13 of 3rd period - Daultan Leveillé wins face-off versus Colton Sissons in Demolitions zone.
12:43 of 3rd period - Slapshot by Iiro Pakarinen.
12:43 of 3rd period - Shot Blocked by Tommy Vannelli.
13:09 of 3rd period - Brandon Montour is hit by Phil McRae.
13:23 of 3rd period - Snap shot by Ryan Pulock.
13:23 of 3rd period - Deflect By Phil Di Giuseppe.
13:23 of 3rd period - Shot Blocked by Nick Ritchie.
13:23 of 3rd period - Puck is out of play.
13:24 of 3rd period - Jacob Josefson wins face-off versus Aaron Palushaj in Influenza zone.
13:24 of 3rd period - Jacob Josefson is hit by Christoph Bertschy.
13:34 of 3rd period - Snap shot by Tom Kuhnhackl.
13:34 of 3rd period - Shot Misses the Net.
13:36 of 3rd period - Snap shot by Roland McKeown.
13:36 of 3rd period - Deflect By Nick Ritchie.
13:36 of 3rd period - Shot Blocked by Taylor Aronson.
13:36 of 3rd period - Puck is out of play.
13:37 of 3rd period - Bo Horvat wins face-off versus Daultan Leveillé in Demolitions zone.
14:09 of 3rd period - Slapshot by Lucas Lessio.
14:09 of 3rd period - Stopped by Alex Stalock with a rebound.
14:35 of 3rd period - Zac Dalpe is hit by Dennis Everberg and loses puck.
14:56 of 3rd period - Snap shot by Kasperi Kapanen.
14:56 of 3rd period - Stopped by Alex Stalock without a rebound.
14:57 of 3rd period - Bo Horvat wins face-off versus Andrej Nestrasil in Demolitions zone.
15:18 of 3rd period - Minor Penalty to Nick Pryor for Holding.
15:19 of 3rd period - Bo Horvat wins face-off versus Spencer Machacek in Demolitions zone.
15:30 of 3rd period - Snap shot by Iiro Pakarinen.
15:30 of 3rd period - Goal by Iiro Pakarinen - Demolitions : 3 - Influenza : 6.
15:31 of 3rd period - Daultan Leveillé wins face-off versus Bo Horvat in neutral zone.
15:56 of 3rd period - Lucas Lessio is hit by Andrej Nestrasil and loses puck.
16:05 of 3rd period - Wrist shot by Colton Sissons.
16:05 of 3rd period - Stopped by Alex Stalock with a rebound.
16:07 of 3rd period - Snap shot by Colton Sissons.
16:07 of 3rd period - Stopped by Alex Stalock without a rebound.
16:08 of 3rd period - Daultan Leveillé wins face-off versus Bo Horvat in Demolitions zone.
16:20 of 3rd period - Minor Penalty to Luca Sbisa for Boarding.
16:21 of 3rd period - Daultan Leveillé wins face-off versus Zac Dalpe in Influenza zone.
16:37 of 3rd period - Lane MacDermid is hit by Ryan Dzingel and loses puck.
16:58 of 3rd period - Snap shot by Wiley Sherman.
16:58 of 3rd period - Stopped by Malcolm Subban without a rebound.
16:59 of 3rd period - Andrej Nestrasil wins face-off versus Colton Sissons in Influenza zone.
17:42 of 3rd period - Icing by Spencer Machacek.
17:43 of 3rd period - Daultan Leveillé wins face-off versus Colton Sissons in Demolitions zone.
17:54 of 3rd period - Slapshot by Lane MacDermid.
17:54 of 3rd period - Goal by Lane MacDermid - Demolitions : 4 - Influenza : 6.
17:55 of 3rd period - Zac Dalpe wins face-off versus Phil McRae in neutral zone.
17:57 of 3rd period - Paul Ladue is hit by Robert Bortuzzo and loses puck.
18:33 of 3rd period - Off-side.
18:34 of 3rd period - Colton Sissons wins face-off versus Andrej Nestrasil in neutral zone.
19:01 of 3rd period - Luca Sbisa is hit by Taylor Aronson and loses puck.
19:06 of 3rd period - Slapshot by Dennis Everberg.
19:06 of 3rd period - Shot Misses the Net.
Goals for this period are 2 for Demolitions vs 4 for Influenza.
Shots for this period are 9 for Demolitions vs 17 for Influenza.
Back to the Top